 Dungeon Crawl Stone Soup version 0.27.1-35-g4d5d836560 (console) character file.

Game seed: 18156445566317269928

206 Banquo the Chopper (level 6, -4/47 HPs)
             Began as a Formicid Fighter on Mar 23, 2022.
             Was a Believer of Nemelex Xobeh.
             Slain by a gnoll (10 damage)
             ... on level 4 of the Dungeon.
             The game lasted 00:10:12 (3291 turns).

Banquo the Chopper (Formicid Fighter)               Turns: 3291, Time: 00:10:13

Health: -4/47      AC:  7    Str: 23    XL:     6   Next: 10%
Magic:  6/6        EV:  8    Int:  7    God:    Nemelex Xobeh [**....]
Gold:   140        SH: 10    Dex: 10    Spells: 5/5 levels left

rFire    . . .     SeeInvis +   a - +0 war axe (flame)
rCold    . . .     Faith    .   c - +1 kite shield
rNeg     . . .     Spirit   .   b - +0 scale mail
rPois    .         Reflect  .   (helmet unavailable)
rElec    .         Harm     .   (no cloak)
rCorr    .         Rampage  .   (no gloves)
Will     .....                  (no boots)
Stlth    ..........             (no amulet)
HPRegen  0.15/turn              (no ring)
MPRegen  0.10/turn              (no ring)

@: no status effects
A: permanent stasis, dig shafts and tunnels, antennae 3, four strong arms
a: Dig, Shaft Self, Renounce Religion, Draw Escape, Draw Destruction, Draw
Summoning


You were on level 4 of the Dungeon.
You worshipped Nemelex Xobeh.
Nemelex Xobeh was pleased with you.
You visited 1 branch of the dungeon, and saw 4 of its levels.
You also visited: Sewer.

You collected 140 gold pieces.

Inventory:

Hand Weapons
 a - a +0 war axe of flaming (weapon)
 p - a +4 short sword of venom
Missiles
 d - 6 boomerangs
 g - 16 poisoned darts (quivered)
Armour
 b - a +0 scale mail (worn)
 c - a +1 kite shield (worn)
Scrolls
 f - a scroll of brand weapon
 l - a scroll of enchant armour
Potions
 e - a potion of magic {unknown}
 h - a potion of brilliance
 i - 3 potions of haste {unknown}
 j - 2 potions of lignification
 k - a potion of might
 n - a potion of resistance {unknown}


   Skills:
 * Level 3.6 Fighting
 * Level 4.5 Axes
 * Level 3.9 Armour
 * Level 1.0 Dodging
 * Level 4.2 Shields
 * Level 1.3 Invocations


You had 5 spell levels left.
You didn't know any spells.
Your spell library contained the following spells:

 Spells                   Type           Power      Damage    Failure   Level
 Summon Small Mammal      Summ           0%         N/A       97%         1
 Call Canine Familiar     Summ           0%         N/A       100%        3
 Animate Armour           Summ/Erth      0%         N/A       100%        4
 Cause Fear               Hex            0%         N/A       100%        4
 Monstrous Menagerie      Summ           0%         N/A       100%        7


Dungeon Overview and Level Annotations

Branches:
Dungeon (4/15)              Sewer (visited)
 Temple: D:4-7

Altars:
Gozag
Nemelex Xobeh
Ru


Innate Abilities, Weirdness & Mutations

You cannot be hasted, slowed, berserked, paralysed or teleported.
You can dig through walls and to a lower floor.
You have a pair of large antennae on your head. (SInv)
Your four strong arms can wield two-handed weapons with a shield.


Message History

You slash the gnoll shaman! You burn the gnoll shaman.
You kill the gnoll shaman!
You block the gnoll's attack.
Your Dodging skill increases to level 1!
You barely miss the gnoll. You block the gnoll's attack. x2
You slash the gnoll! You burn the gnoll.
You kill the gnoll!
You block the gnoll's attack.
You have reached level 6!
Your experience leads to an increase in your attributes!
Increase (S)trength, (I)ntelligence, or (D)exterity?
You feel stronger.
You closely miss the gnoll. You block the gnoll's attack.
You hit the gnoll. You burn the gnoll.
The gnoll is heavily wounded.
The gnoll hits you with a +0 club. x2
You hit the gnoll but do no damage.
The gnoll is heavily wounded.
You block the gnoll's attack.
You closely miss the gnoll.
The gnoll is heavily wounded.
You block the gnoll's attack.
You hit the gnoll. You burn the gnoll.
The gnoll is almost dead.
You block the gnoll's attack. The gnoll hits you with a +0 club.
You barely miss the gnoll.
The gnoll is almost dead.
The gnoll barely misses you.
You barely miss the gnoll.
The gnoll is almost dead.
You block the gnoll's attack.
You slash the gnoll! You burn the gnoll.
You kill the gnoll!
The gnoll hits you with a +0 flail!
* * * LOW HITPOINT WARNING * * *
You slash the gnoll! You burn the gnoll.
You kill the gnoll!
The gnoll hits you with a +0 halberd!
You die...
Your body disappears without a glow.

.......##.##..(..#
.....#..#.#..#...#
.....##.....##...#
##[......_....)g.#
#...##.....##...#
#...#..#.#..#gg##
###...##.##...#.##
##.........###g#
#####..#####@##
........## ###
#########


You could see a gnoll.

Vanquished Creatures
  A gnoll shaman (D:4)
  Robin (D:3)
  5 adders
  4 gnolls (D:4)
  2 worms
  A dart slug (D:2)
  7 endoplasms
  4 giant cockroaches
  11 goblins
  9 hobgoblins
  4 jackals (D:1)
  6 quokkas
  7 ball pythons
  4 bats
  9 frilled lizards
  7 kobolds
  3 rats
85 creatures vanquished.

Notes
Turn   | Place    | Note
-------+----------+-------------------------------------------
     0 | D:1      | Banquo the Formicid Fighter began the quest for the Orb.
     0 | D:1      | Reached XP level 1. HP: 18/18 MP: 1/1
   196 | D:1      | Reached XP level 2. HP: 21/24 MP: 2/2
   296 | D:1      | Got the Almanac of Enchanting Calling
   642 | D:1      | Reached XP level 3. HP: 29/29 MP: 3/3
  1094 | D:2      | Found a faded altar of an unknown god.
  1102 | D:2      | Became a worshipper of Nemelex Xobeh the Trickster
  1102 | D:2      | Reached * piety under Nemelex Xobeh
  1102 | D:2      | Received a gift from Nemelex Xobeh
  1136 | D:2      | Found an opulent altar of Gozag.
  1579 | D:3      | Reached XP level 4. HP: 24/35 MP: 4/4
  1925 | D:3      | Noticed Robin
  1948 | D:3      | Killed Robin
  1949 | D:3      | Reached XP level 5. HP: 14/41 MP: 5/5
  1969 | D:3      | Found a glowing drain.
  2107 | Sewer    | Entered a sewer
  2312 | Sewer    | Reached skill level 1 in Invocations
  3231 | D:4      | Reached ** piety under Nemelex Xobeh
  3249 | D:4      | Found a sacrificial altar of Ru.
  3281 | D:4      | Reached skill level 1 in Dodging
  3283 | D:4      | Reached XP level 6. HP: 22/47 MP: 6/6
  3291 | D:4      | Slain by a gnoll

Illustrated notes

Levels and vault maps discovered:
D:1:      dpeg_arrival_shrine, layout_loops_corners, minivault_25
D:2:      layout_rooms, basic_altar, ebering_ecumenical_altar_sacrificial
D:3:      layout_basic, portal_sewer_entry_f, interstate_on_off,
          minmay_misc_feat_square, uniq_robin
D:4:      layout_basic, mainiacjoe_overflow_small_starburst,
          minmay_misc_feat_more_columns, eino_tiny_chamber

Skill      XL: |  1  2  3  4  5 |
---------------+----------------+-----
Axes           | 3 4 |  4.5
Shields        | 4 |  4.2
Invocations    | 1 |  1.3
Dodging        | 1 |  1.0
Fighting       | |  3.6
Armour         | |  3.9

Action                   |  1- 3 |  4- 6 || total
-------------------------+-------+-------++-------
Melee: War axe           |    85 |   157 ||   242
Invok: Draw Escape       |       |     1 ||     1
       Draw Destruction  |       |     1 ||     1
 Abil: Dig               |       |     6 ||     6
  Use: Scroll            |     5 |     5 ||    10
       Potion            |       |     2 ||     2
Armor: Scale mail        |    38 |    58 ||    96
Dodge: Dodged            |    31 |    58 ||    89
Block: Kite shield       |    44 |    94 ||   138
